 Dungeon Crawl Stone Soup version 0.27.0-1-g7a089689b8 (webtiles) character file.

Game seed: 9498894227009621810

60351 wakim the Sage (level 14, -14/82 HPs)
             Began as a Deep Elf Conjurer on Aug 4, 2021.
             Was a High Priest of Sif Muna.
             Demolished by an ettin (30 damage)
             ... on level 2 of the Orcish Mines.
             The game lasted 01:03:00 (26298 turns).

wakim the Sage (Deep Elf Conjurer)                 Turns: 26298, Time: 01:03:01

Health: -14/82     AC:  8    Str:  6    XL:     14   Next: 56%
Magic:  28/29      EV: 19    Int: 24    God:    Sif Muna [*****.]
Gold:   1368       SH: 12    Dex: 13    Spells: 9/32 levels left

rFire    . . .     SeeInvis .   a - +6 morningstar "Sayvvooge" {venom, rN++ Will++ Int-3}
rCold    . . .     Faith    .   K - +2 kite shield
rNeg     + + .     Spirit   .   j - +0 robe
rPois    .         Reflect  .   i - +2 hat
rElec    .         Harm     .   (no cloak)
rCorr    .         Rampage  .   e - +2 pair of gloves
Will     ++++.                  f - +0 pair of boots
Stlth    ++........             g - amulet of magic regeneration
HPRegen  0.23/turn              k - +4 ring of evasion
MPRegen  0.46/turn              n - ring of willpower

@: no status effects
A: no striking features
a: Renounce Religion, Channel Magic, Forget Spell, Divine Exegesis


You were on level 2 of the Orcish Mines.
You worshipped Sif Muna.
Sif Muna was extremely pleased with you.
You visited 4 branches of the dungeon, and saw 21 of its levels.

You collected 1368 gold pieces.

Inventory:

Hand Weapons
 a - the +6 morningstar "Sayvvooge" (weapon) {venom, rN++ Will++ Int-3}
   (You found it on level 6 of the Dungeon)

   It poisons the flesh of those it strikes.
   Int:       It affects your intelligence (-3).
   rN:        It greatly protects you from negative energy.
   Will:      It greatly increases your willpower.
 b - the +5 trident of the Establishment {vorpal, Dex+4}
   (You found it on level 8 of the Dungeon)

   It inflicts extra damage upon your enemies.
   Dex:       It affects your dexterity (+4).
Missiles
 y - 6 throwing nets {=f!f}
 P - 5 curare-tipped darts {=f}
Armour
 e - a +2 pair of gloves (worn)
 f - a +0 pair of boots (worn)
 i - a +2 hat (worn)
 j - a +0 robe (worn)
 K - a +2 kite shield (worn)
Jewellery
 c - a ring of protection from cold
 g - an amulet of magic regeneration (around neck)
 k - a +4 ring of evasion (left hand)
 l - a ring of protection from cold
 m - a ring of magical power
 n - a ring of willpower (right hand)
 z - a ring of flight
Wands
 t - a wand of digging (13)
 w - a wand of acid (9)
 x - a wand of iceblast (6)
 B - a wand of flame (28)
Scrolls
 d - 2 scrolls of enchant armour
 h - 3 scrolls of amnesia
 r - a scroll of identify
 s - 5 scrolls of enchant weapon
 Q - a scroll of immolation {!r!r}
 R - a scroll of magic mapping {!r}
 T - 6 scrolls of teleportation
 U - 3 scrolls of fear
 V - 5 scrolls of vulnerability {!r!r}
 W - a scroll of holy word
 X - 3 scrolls of fog
 Y - a scroll of blinking {!r}
Potions
 A - a potion of ambrosia
 C - 7 potions of berserk rage {!q}
 D - 2 potions of brilliance
 F - 3 potions of curing
 G - 2 potions of flight
 H - 2 potions of haste
 I - 2 potions of invisibility
 J - 9 potions of heal wounds
 L - 3 potions of lignification {!q}
 M - 4 potions of mutation {!q}
 N - 4 potions of might
 O - 3 potions of resistance


   Skills:
 + Level 7.0 Fighting
 - Level 10.0 Dodging
 - Level 2.4 Stealth
 - Level 10.0 Shields
 + Level 9.7 Spellcasting
 + Level 12.7 Conjurations
 - Level 4.0 Hexes
 - Level 4.0 Translocations
 * Level 5.9 Air Magic
 * Level 14.2 Invocations


You had 9 spell levels left.
You knew the following spells:

 Your Spells              Type           Power      Damage    Failure   Level
a - Magic Dart            Conj           100%       1d8       1%          1
b - Swiftness             Air            40%        N/A       2%          3
c - Airstrike             Air            20%        N/A       9%          4
i - Iskenderun's Battles  Conj           64%        2d11      1%          5
s - Searing Ray           Conj           100%       3d7       1%          2
x - Iskenderun's Mystic   Conj/Tloc      51%        2d11      3%          4
z - Fulminant Prism       Conj/Hex       25%        3d14      3%          4

Your spell library contained the following spells:

 Spells                   Type           Power      Damage    Failure   Level
 Apportation              Tloc           60%        N/A       1%          1
 Shock                    Conj/Air       100%       1d9       1%          1
 Dazzling Flash           Conj/Hex       100%       N/A       1%          3
 Mephitic Cloud           Conj/Pois/Air  41%        N/A       2%          3
 Slow                     Hex            30%        N/A       3%          2
 Confusing Touch          Hex            30%        N/A       6%          3
 Portal Projectile        Hex/Tloc       60%        N/A       6%          3
 Tukima's Dance           Hex            30%        N/A       6%          3
 Ensorcelled Hibernation  Hex/Ice        42%        N/A       7%          2
 Hailstorm                Conj/Ice       42%        3d10      8%          4
 Beastly Appendage        Tmut           22%        N/A       11%         1
 Sublimation of Blood     Necr           5%         N/A       16%         2
 Wereblood                Tmut           11%        N/A       16%         2
 Passage of Golubria      Tloc           N/A        N/A       21%         4
 Fireball                 Conj/Fire      21%        3d10      22%         5
 Freezing Cloud           Conj/Ice/Air   20%        6-21      22%         5
 Irradiate                Conj/Tmut      21%        3d20      22%         5
 Spider Form              Tmut/Pois      5%         N/A       30%         3
 Vampiric Draining        Necr           5%         2d6       30%         3
 Conjure Ball Lightning   Conj/Air       27%        3x3d8     34%         6
 Orb of Destruction       Conj           32%        9d12      43%         7
 Petrify                  Tmut/Erth      11%        N/A       71%         4
 Starburst                Conj/Fire      21%        8x6d7     75%         6
 Summon Forest            Summ/Tloc      10%        N/A       77%         5
 Summon Mana Viper        Hex/Summ       21%        N/A       77%         5
 Yara's Violent Unravell  Hex/Tmut       10%        3d6       77%         5
 Alistair's Intoxication  Tmut/Pois      7%         N/A       96%         5
 Blade Hands              Tmut           5%         N/A       96%         5
 Excruciating Wounds      Necr           5%         N/A       96%         5
 Invisibility             Hex            15%        N/A       97%         6
 Shadow Creatures         Summ           N/A        N/A       100%        6
 Malign Gateway           Summ/Tloc      10%        N/A       100%        7
 Summon Horrible Things   Summ           5%         N/A       100%        8
 Chain Lightning          Conj/Air       27%        3d36      100%        9


Dungeon Overview and Level Annotations

Branches:
Dungeon (12/15)            Temple (1/1) D:6            Lair (6/6) D:8
 Shoals (0/4) Lair:3       Spider (0/4) Lair:2        Slime (0/5) Lair:5
    Orc (2/2) D:11
    Elf: Orc:2

Altars:
Ashenzari
Cheibriados
Dithmenos
Elyvilon
Fedhas
Gozag
Hepliaklqana
Kikubaaqudgha
Makhleb
Nemelex Xobeh
Okawaru
Qazlal
Ru
Sif Muna
Trog
Uskayaw
Vehumet
Wu Jian
Xom
Yredelemnul
Zin
The Shining One
Lugonu

Shops:
D:4 =   D:7 *   Orc:2 [

Portals:
Abyss: Lair:6

Annotations:
D:12 3 runed translucent doors, Nissa's ghost, journeyman MiFi


Message History

The mystic blast hits the cyclops!
The cyclops is severely wounded.
The mystic blast hits the ettin!
The ettin is heavily wounded.
The ettin is knocked back by the mystic blast.
The mystic blast hits the cyclops!
The cyclops is severely wounded.
The cyclops is knocked back by the mystic blast.
The cyclops collides with the orc priest!
The cyclops throws a large rock.
The large rock hits you!!
Casting: Iskenderun's Mystic Blast (dangerous; 3% risk of failure)
Confirm with . or Enter, or press ? or * to list all spells.
You erupt in a blast of force!
The mystic blast hits the cyclops!
You kill the cyclops!
Sif Muna accepts your kill.
The mystic blast hits the cyclops!
The cyclops is almost dead.
The mystic blast hits the warg but does no damage.
The warg is severely wounded.
An orc comes into view.
It is wielding a +2 hand axe of holy wrath.
An orc warrior comes into view. It is wielding a +0 flail.
Casting: Iskenderun's Mystic Blast (dangerous; 3% risk of failure)
Confirm with . or Enter, or press ? or * to list all spells.
You erupt in a blast of force!
The mystic blast hits the cyclops!
You kill the cyclops!
Sif Muna accepts your kill.
The mystic blast hits the ettin.
The ettin is severely wounded.
The mystic blast hits the orc priest.
The orc priest is severely wounded.
The orc priest is knocked back by the mystic blast.
The mystic blast hits the warg!
You kill the warg!
Sif Muna accepts your kill.
You feel less invigorated.
The orc warrior throws a boomerang.
You block the boomerang.
The cyclops throws a large rock.
The large rock hits you!!
* * * LOW HITPOINT WARNING * * *
The ettin hits you with a +0 dire flail!!
You die...

..o...........P
...............
..o........P...
...[...........
....C..........
.........(..#
......)C.o.#.##
.....(.@)......
....P..........
.....).[...#...
^............ .
.......P......#
P............##
8..∩..........#
...............


You could see an ettin, a cyclops, an orc warrior, an orc priest and an orc.

Vanquished Creatures
  Gastronok (D:9)
  An ettin (Orc:1)
  Josephine (D:11)
  Harold (D:7)
  4 hydras
  A boulder beetle (D:11)
  A catoblepas (Lair:6)
  5 two-headed ogres
  2 thrashing horrors (Lair:6)
  Nergalle (Lair:2)
  4 skeletal warriors
  An orange crystal statue (D:10)
  An orc knight (D:12)
  A mana viper (shapeshifter) (Lair:6)
  4 oklob plants (Lair:1)
  2 ugly things
  2 cyclopes (Orc:2)
  15 elephants
  A merfolk siren (Lair:3)
  3 black mambas
  A smoke demon (Lair:6)
  3 rime drakes
  A kobold demonologist (D:10)
  10 cane toads
  3 komodo dragons
  2 ancient zymes (Lair:6)
  4 trolls
  A merfolk (Lair:3)
  A hornet (D:8)
  3 slime creatures (Lair:5)
  Grinder (D:4)
  A meliai zombie (D:11)
  28 blink frogs
  10 dream sheep (Lair:6)
  2 shadows (D:10)
  Sigmund (D:6)
  3 large abominations (Lair:6)
  9 wraiths
  A spriggan (Lair:6)
  6 wyverns
  A spriggan (shapeshifter) (Lair:6)
  2 vampires (D:8)
  7 basilisks
  37 yaks
  10 small abominations (Lair:6)
  4 chaos spawn (Lair:6)
  A vampire mosquito (D:10)
  A warg (Orc:2)
  An acid dragon (D:8)
  21 water moccasins
  7 orc warriors
  2 ice beasts
  3 black bears
  A hornet zombie (D:8)
  3 necrophages
  An ogre (D:5)
  20 wolves
  3 kobold brigands
  11 bullfrogs
  3 scorpions
  A wyvern skeleton (D:7)
  7 killer bees (D:8)
  7 howler monkeys
  2 electric eels
  4 hounds
  A centaur skeleton (D:6)
  2 centaur zombies
  3 jellies
  13 orc priests
  A bullfrog skeleton (D:6)
  A gnoll shaman (D:7)
  3 iguanas
  13 orc wizards
  6 hell rats (Lair:5)
  7 gnolls
  A river rat (D:5)
  8 adders
  A shadow imp (D:7)
  A white imp (D:6)
  3 worms
  The ghost of tilp the Sneak, a weakling KoDe (D:5)
  2 dart slugs
  28 orcs
  11 endoplasms
  A giant cockroach (D:1)
  11 goblins
  7 hobgoblins
  7 jackals
  7 quokkas
  5 ball pythons
  7 bats
  9 frilled lizards
  10 kobolds
  3 rats
  A butterfly (Lair:4)
477 creatures vanquished.

Vanquished Creatures (others)
  8 fulminant prisms
  32 fungi
  90 plants
130 creatures vanquished.

Grand Total: 607 creatures vanquished

Notes
Turn   | Place    | Note
-------+----------+-------------------------------------------
     0 | D:1      | wakim the Deep Elf Conjurer began the quest for the Orb.
     0 | D:1      | Reached XP level 1. HP: 10/10 MP: 6/6
   158 | D:1      | Reached XP level 2. HP: 15/15 MP: 2/8
   161 | D:1      | Learned a level 2 spell: Searing Ray
   241 | D:1      | Found a faded altar of an unknown god.
   507 | D:1      | Reached skill level 1 in Shields
   812 | D:1      | Reached XP level 3. HP: 19/19 MP: 6/9
  1322 | D:2      | Reached skill level 5 in Conjurations
  2011 | D:2      | Reached XP level 4. HP: 24/24 MP: 4/11
  2166 | D:2      | Learned a level 4 spell: Fulminant Prism
  2750 | D:3      | Found a glowing silver altar of Zin.
  2926 | D:3      | Reached XP level 5. HP: 28/28 MP: 3/13
  3571 | D:3      | Found an opulent altar of Gozag.
  3854 | D:4      | Found Qabuqabamn's Jewellery Boutique.
  3857 | D:4      | Noticed a necrophage
  3862 | D:4      | Killed a necrophage
  3863 | D:4      | Reached XP level 6. HP: 32/32 MP: 6/14
  3868 | D:4      | Learned a level 4 spell: Iskenderun's Mystic Blast
  4017 | D:4      | Noticed Grinder
  4626 | D:4      | Killed Grinder
  4627 | D:4      | Reached skill level 1 in Translocations
  4627 | D:4      | Reached XP level 7. HP: 36/36 MP: 6/15
  4729 | D:4      | Found a shimmering altar of Xom.
  4749 | D:4      | Found a bloodstained altar of Trog.
  4752 | D:4      | Found a hazy altar of Hepliaklqana.
  4843 | D:5      | Entered Level 5 of the Dungeon
  5319 | D:5      | Found a runed translucent door.
  5324 | D:5      | Noticed tilp's ghost (weakling KoDe)
  5334 | D:5      | Killed tilp's ghost
  5349 | D:5      | Found a runed translucent door.
  5800 | D:5      | Found a hide-covered altar of Uskayaw.
  5801 | D:5      | Found a white marble altar of Elyvilon.
  5938 | D:6      | Found a staircase to the Ecumenical Temple.
  5948 | D:6      | Identified the +6 morningstar "Sayvvooge" {venom, rN++
                  | Will++ Int-3}
  5958 | Temple   | Entered the Ecumenical Temple
  6162 | Temple   | Became a worshipper of Sif Muna the Loreminder
  6278 | D:6      | Reached XP level 8. HP: 42/42 MP: 16/16
  6344 | D:6      | Reached skill level 1 in Fighting
  6778 | D:6      | Noticed Sigmund
  6998 | D:7      | Found Vushroutz's Gadget Gallery.
  7023 | D:7      | Noticed Harold
  7039 | D:6      | Reached skill level 5 in Dodging
  7296 | D:7      | Found a burning altar of Makhleb.
  7357 | D:7      | Reached * piety under Sif Muna
  7935 | D:8      | Noticed a hornet
  7941 | D:8      | Killed a hornet
  7942 | D:8      | Reached skill level 1 in Hexes
  7942 | D:8      | Reached XP level 9. HP: 51/52 MP: 4/17
  8154 | D:8      | Reached skill level 5 in Spellcasting
  8478 | D:8      | Identified the +5 trident of the Establishment {vorpal,
                  | Dex+4}
  8835 | D:8      | Learned a level 5 spell: Iskenderun's Battlesphere
  8877 | D:8      | Reached skill level 10 in Conjurations
  8877 | D:8      | Reached skill level 1 in Invocations
  8907 | D:8      | Reached ** piety under Sif Muna
  8908 | D:8      | Reached XP level 10. HP: 56/56 MP: 6/21
  9001 | D:8      | Found a staircase to the Lair.
  9006 | D:8      | Reached skill level 2 in Invocations
  9205 | D:8      | Reached skill level 3 in Invocations
  9705 | D:8      | Reached skill level 4 in Invocations
  9888 | D:8      | Noticed a two-headed ogre
  9911 | D:8      | Killed a two-headed ogre
  9912 | D:8      | Reached skill level 5 in Invocations
 10782 | D:9      | Reached skill level 6 in Invocations
 11032 | D:9      | Noticed a two-headed ogre
 11041 | D:9      | Killed a two-headed ogre
 11042 | D:9      | Reached skill level 7 in Invocations
 11121 | D:9      | Noticed Gastronok
 11475 | D:9      | Reached XP level 11. HP: 61/61 MP: 21/25
 11533 | D:9      | Reached skill level 8 in Invocations
 11792 | D:10     | Entered Level 10 of the Dungeon
 11965 | D:10     | Noticed an orange crystal statue
 12020 | D:10     | Reached skill level 9 in Invocations
 12288 | D:10     | Reached *** piety under Sif Muna
 12364 | D:10     | Noticed a two-headed ogre
 12368 | D:10     | Killed a two-headed ogre
 12654 | D:10     | Killed an orange crystal statue
 12655 | D:10     | Reached skill level 10 in Invocations
 13149 | D:6      | Killed Sigmund
 13252 | D:7      | Killed Harold
 13347 | D:7      | Found a shadowy altar of Dithmenos.
 13347 | D:7      | Found a sacrificial altar of Ru.
 13603 | D:7      | Found an ancient bone altar of Kikubaaqudgha.
 13658 | Lair:1   | Entered Level 1 of the Lair of Beasts
 13753 | Lair:1   | Noticed a five-headed hydra
 13763 | Lair:1   | Killed a five-headed hydra
 13764 | Lair:1   | Reached skill level 11 in Invocations
 13914 | Lair:1   | Noticed a six-headed hydra
 13920 | Lair:1   | Killed a six-headed hydra
 14055 | Lair:1   | Reached XP level 12. HP: 67/67 MP: 15/26
 14181 | Lair:1   | Noticed Maggie
 14769 | Lair:1   | Reached skill level 5 in Shields
 15018 | Lair:1   | Reached skill level 5 in Fighting
 16162 | Lair:2   | Reached skill level 12 in Invocations
 16337 | Lair:2   | Found a hole to the Spider Nest.
 16569 | Lair:2   | Noticed Nergalle
 16583 | Lair:2   | Killed Nergalle
 16975 | Lair:3   | Reached **** piety under Sif Muna
 17129 | Lair:3   | Reached skill level 10 in Dodging
 17376 | Lair:3   | Reached skill level 13 in Invocations
 17719 | Lair:3   | Found a staircase to the Shoals.
 18176 | Lair:4   | Reached XP level 13. HP: 74/74 MP: 20/27
 18489 | Lair:4   | Learned a level 3 spell: Swiftness
 18918 | Lair:5   | Found a staircase to the Slime Pits.
 19468 | Lair:5   | Reached skill level 14 in Invocations
 19696 | Lair:5   | Learned a level 4 spell: Airstrike
 19737 | Lair:6   | Entered Level 6 of the Lair of Beasts
 19823 | Lair:6   | Reached ***** piety under Sif Muna
 20437 | Lair:6   | Received a gift from Sif Muna
 21119 | Lair:6   | Reached skill level 10 in Shields
 21206 | Lair:6   | Reached skill level 1 in Air Magic
 21827 | Lair:6   | Reached XP level 14. HP: 80/80 MP: 5/28
 22259 | Lair:6   | Found a corrupted altar of Lugonu.
 22259 | Lair:6   | Found a one-way gate to the infinite horrors of the Abyss.
 22657 | D:11     | Noticed Josephine
 22664 | D:11     | Killed Josephine
 22934 | D:11     | Found a staircase to the Orcish Mines.
 24359 | D:12     | Received a gift from Sif Muna
 24360 | D:12     | Reached skill level 5 in Air Magic
 24367 | D:12     | Got Sif Muna's Collected Works on Confrontation {god gift}
 24985 | D:12     | Found a runed translucent gate.
 24985 | D:12     | Found a runed translucent gate.
 24985 | D:12     | Found a runed translucent gate.
 24985 | D:12     | Noticed Nissa's ghost (journeyman MiFi)
 24986 | D:12     | Identified the +1 leather armour of Utyih {Slay+2}
 24990 | D:12     | Found an iron altar of Okawaru.
 25334 | D:9      | Killed Gastronok
 25416 | Orc:1    | Entered Level 1 of the Orcish Mines
 25461 | Orc:2    | Entered Level 2 of the Orcish Mines
 25461 | Orc:2    | Found Maranor's Antique Armour Boutique.
 25674 | Orc:2    | HP: 2/80 [orc priest/divine providence (12)]
 26298 | Orc:2    | Demolished by an ettin

Illustrated notes

Levels and vault maps discovered:
D:1:      sevenhm_arrival_forest_fort_large_4, layout_loops_ring,
          ebering_ecumenical_altar_mist
D:2:      layout_basic, serial_bayou_lagoon_a,
          hangedman_abyss_or_decor_lesser_grid
D:3:      layout_rooms, nicolae_gozag_cash_rules_everything_around_me,
          mainiacjoe_overflow_boulevard, serial_forest,
          infiniplex_forest_straight_4, infiniplex_forest_clump_small,
          infiniplex_forest_zigzag_1, infiniplex_forest_end_1,
          infiniplex_forest_lined_ring, infiniplex_forest_clump_diagonal
D:4:      layout_loops_ring, minmay_overflow_temple_star_quad, serial_shops,
          shop, uniq_grinder
D:5:      layout_loops_ring, gammafunk_temple_overflow_statue,
          ebering_ghost_sewer_f, st_stairs_3, nrook_campfire
D:6:      layout_basic, minmay_temple_entry_sparse_star, uniq_sigmund
D:7:      layout_basic, lemuel_tele_altar, nicolae_overflow_hidden_temple,
          st_stairs_5, minmay_misc_feat_tiny, nicolae_shop_gadgets, uniq_harold
D:8:      wad_arrow_thing, layout_loops_ring, minmay_lair_entry_grove
D:9:      layout_basic, uniq_gastronok
D:10:     layout_rooms, chequers_jeans, minivault_16, minmay_between
D:11:     layout_loops_ring, orc_0_dummy, uniq_josephine
D:12:     layout_cave_pools, gammafunk_ghost_fury_of_okawaru
Temple:   minmay_temple_curvy_loop
Lair:1:   layout_loops_ring, grunt_megastairs_2, serial_bayou_shore_b,
          minmay_lair_oklob_chamber, uniq_maggie
Lair:2:   layout_loops_ring, dummy_spider_entry, lemuel_fruit_tree,
          uniq_nergalle
Lair:3:   wander_river, layout_concentric_octagons, elwin_shoals_entry_rooms
Lair:4:   layout_long_grid, chequers_serial_rivers_micro_a, lemuel_fruit_fields
Lair:5:   layout_regular_city, minmay_slime_entry_pillars,
          nicolae_quartered_pool_little
Lair:6:   hellmonk_lair_end_abyssal_woods, layout_gridlike
Orc:1:    layout_diamond_mine
Orc:2:    grunt_orc_gardens, layout_caves, grunt_orc_garden, grunt_orc_garden,
          grunt_orc_garden, grunt_orc_garden, uniq_jorgrun

Skill      XL: |  1  2  3  4  5  6  7  8  9 10 11 12 13 14 |
---------------+-------------------------------------------+-----
Shields        | 1 2 3 4 6 10 | 10.0
Conjurations   | 5 6 8 10 11 12 | 12.7
Spellcasting   | 4 6 8 9 |  9.7
Translocations | 1 4 |  4.0
Dodging        | 3 6 8 10 | 10.0
Fighting       | 4 6 7 |  7.0
Hexes          | 1 4 |  4.0
Invocations    | 1 7 11 13 14 | 14.2
Air Magic      | 2 5 |  5.9
Stealth        | |  2.4

Action                   |  1- 3 |  4- 6 |  7- 9 | 10-12 | 13-15 || total
-------------------------+-------+-------+-------+-------+-------++-------
Melee: Unarmed           |     1 |       |       |       |       ||     1
       Morningstar       |       |       |     9 |     3 |     8 ||    20
 Cast: Magic Dart        |    47 |       |       |   112 |   173 ||   332
       Searing Ray       |    19 |    41 |    62 |   102 |    87 ||   311
       Iskenderun's Myst |       |       |     2 |    31 |    87 ||   120
       Iskenderun's Batt |       |       |       |    58 |    72 ||   130
       Fulminant Prism   |       |       |       |     5 |     3 ||     8
       Airstrike         |       |       |       |       |     2 ||     2
Invok: Channel Magic     |       |       |       |     2 |     6 ||     8
  Use: Scroll            |       |       |       |    19 |     6 ||    25
       Potion            |       |       |       |       |     1 ||     1
Armor: Robe              |     6 |     7 |     2 |    10 |    29 ||    54
Dodge: Dodged            |     6 |    19 |    50 |    97 |   144 ||   316
Block: Buckler           |     4 |     3 |    12 |    28 |       ||    47
       Kite shield       |       |       |       |       |   114 ||   114
